 Dungeon Crawl Stone Soup version 0.28.0 (webtiles) character file.

Game seed: 16265232983176267482

61 freelancePsychic the Ducker (level 4, -2/34 HPs)
             Began as a Djinni Gladiator on Feb 10, 2022.
             Slain by a gnoll (6 damage)
             ... on level 3 of the Dungeon.
             The game lasted 00:03:05 (1788 turns).

freelancePsychic the Ducker (Djinni Gladiator)      Turns: 1788, Time: 00:03:05

Health: -2/34      AC:  4    Str: 13    XL:     4   Next: 27%
Gold:   89         EV: 12    Int: 12    God:
                   SH:  0    Dex: 14

rFire   + + .      SeeInvis .   h - +0 dagger (drain)
rCold   x . .      Faith    .   (no shield)
rNeg    . . .      Spirit   .   b - +0 leather armour
rPois   ∞          Reflect  .   c - +0 helmet
rElec   .          Harm     .   (no cloak)
rCorr   .          Rampage  .   (no gloves)
Will    .....                   (boots unavailable)
Stlth   +.........              (no amulet)
HPRegen 0.11/turn               (no ring)
MPRegen 0.00/turn               (no ring)

@: flying
A: sickness immunity, fire resistance 2, cold vulnerability 1, float, innate
caster, HP casting, extra vitality 1
a: no special abilities


You were on level 3 of the Dungeon.
You visited 1 branch of the dungeon, and saw 3 of its levels.

You collected 89 gold pieces.

Inventory:

Hand Weapons
 a - a +0 rapier
 e - a +2 vampiric dagger
 h - a +0 dagger of draining (weapon)
Missiles
 d - 2 throwing nets
Armour
 b - a +0 leather armour (worn)
 c - a +0 helmet (worn)
Potions
 g - a potion of mutation {unknown}
 j - a potion of invisibility {unknown}


   Skills:
 + Level 2.8 Fighting
 - Level 2.6 Short Blades
 - Level 1.5 Throwing
 - Level 3.2 Dodging
 * Level 2.1 Spellcasting


You had 6 spell levels left.
You knew the following spells:

 Your Spells              Type           Power      Damage    Failure   Level
a - Shock                 Conj/Air       24%        1d4       14%         1
Your spell library was empty.

Dungeon Overview and Level Annotations

Branches:
Dungeon (3/15)

Altars:
Dithmenos


Innate Abilities, Weirdness & Mutations

You are immune to sickness and miasma.
You are immune to poison.
Your flesh is very heat resistant. (rF++)
You are vulnerable to cold. (rC-)
You float through the air rather than walking.
You learn spells naturally, not from books.
Your magical power is your life essence.
You have superior vitality. (+4 MHP)


Message History

The gnoll shaman barely misses you.
You completely miss the gnoll shaman.
The gnoll shaman is severely wounded.
A gnoll comes into view. It is wielding a +0 spear.
The gnoll closely misses you.
The gnoll shaman hits you with a +0 whip.
You hit the gnoll shaman but do no damage.
The gnoll shaman is severely wounded.
You are no longer glowing.
The gnoll misses you. The gnoll barely misses you.
The gnoll hits you from afar with a +0 spear.
A gnoll comes into view. It is wielding a +0 flail.
You hit the gnoll shaman but do no damage.
You drain the gnoll shaman.
The gnoll shaman is almost dead.
The gnoll shaman calls down the wrath of its god upon you.
You resist with some effort. The gnoll closely misses you.
You hit the gnoll shaman but do no damage.
The gnoll shaman is almost dead.
The gnoll shaman hits you with a +0 whip.
The gnoll hits you from afar with a +0 spear.
As you read the scroll labelled UNLI TYUPYD, it crumbles to dust.
You feel aware of your surroundings.
It was a scroll of magic mapping.
The gnoll hits you but does no damage.
The gnoll shaman utters an invocation to its god.
The gnoll shaman is healed somewhat.
The gnoll closely misses you.
Blink to where?
Press: ? - help, Dir - move target
As you read the scroll labelled NOUKIPYCZI, it crumbles to dust.
It was a scroll of blinking.
You see here a +0 whip.
The gnoll shouts!
The gnoll closely misses you.
The gnoll hits you from afar with a +0 spear.
* * * LOW HITPOINT WARNING * * *
The gnoll closely misses you.
The gnoll hits you from afar with a +0 spear!
* * * LOW HITPOINT WARNING * * *
The gnoll hits you from afar with a +0 spear.
You die...

*,*#.###...<..##.###J#*******
*,*#.....)........##.#
####.....####........##
...g.....# #.........##### *##
####.....####.......#...g.###
*..
#..####.#.###.##..####...###.g
#..# #.#.## #.###.# ###.g.#..
#g.# ##.#.# #.###.# ###....
#..###.#.####@...>###* ###..
#.....####...........# *..
##....# #.g.........# *..
#....####.g.........# *##
#....g..g.....#######
#####.........# ###########


You could see 3 gnolls.

Vanquished Creatures
  A gnoll (D:3)
  An adder (D:2)
  A dart slug (D:1)
  3 ball pythons
  6 bats
  6 endoplasms
  A giant cockroach (D:2)
  3 goblins
  2 hobgoblins
  A quokka (D:1)
  3 frilled lizards
  4 kobolds
  4 rats
36 creatures vanquished.

Vanquished Creatures (others)
  A dart slug (D:1)
1 creature vanquished.

Grand Total: 37 creatures vanquished

Notes
Turn   | Place    | Note
-------+----------+-------------------------------------------
     0 | D:1      | freelancePsychic the Djinni Gladiator began the quest for
                  | the Orb.
     0 | D:1      | Reached XP level 1. HP: 18/18 MP: 0/0
   195 | D:1      | Reached XP level 2. HP: 23/23 MP: 0/0
   243 | D:1      | Reached skill level 1 in Spellcasting
   735 | D:1      | Reached XP level 3. HP: 26/29 MP: 0/0
   735 | D:1      | Learned a level 1 spell: Shock
  1045 | D:2      | Found a shadowy altar of Dithmenos.
  1165 | D:2      | Noticed a necrophage
  1646 | D:3      | Reached XP level 4. HP: 31/34 MP: 0/0
  1788 | D:3      | Slain by a gnoll

Illustrated notes

Levels and vault maps discovered:
D:1:      saegor_arrival_fortress, layout_basic
D:2:      layout_basic, serial_glass, glass_columns_b, glass_columns_b,
          basic_altar
D:3:      layout_rooms, minivault_24, saegor_snake_ambush

Skill      XL: |  1  2  3  4 |
---------------+-------------+-----
Spellcasting   | 1 2 |  2.1
Fighting       | |  2.8
Short Blades   | |  2.6
Throwing       | |  1.5
Dodging        | |  3.2

Action                   |  1- 3 |  4- 6 || total
-------------------------+-------+-------++-------
Melee: Dagger            |    98 |    28 ||   126
       Punch             |     1 |       ||     1
Throw: Throwing net      |     1 |       ||     1
 Cast: Shock             |    11 |     2 ||    13
  Use: Scroll            |       |     2 ||     2
Armor: Leather armour    |    31 |     5 ||    36
Dodge: Dodged            |    55 |    17 ||    72
